 Dungeon Crawl Stone Soup version 0.24-a0-93-ge1bfdf8 (console) character file.

Game seed: 365332723285590620

2172 Duffy the Conjurer (level 9, 68/68 HPs)
             Began as a Naga Fire Elementalist on Feb 10, 2019.
             Was a Follower of Vehumet.
             Quit the game on level 1 of the Dungeon.
             The game lasted 00:07:43 (8472 turns).

Duffy the Conjurer (Naga Fire Elementalist)         Turns: 8472, Time: 00:07:44

Health: 68/68      AC:  6    Str: 11    XL:     9   Next: 32%
Magic:  18/18      EV: 11    Int: 19    God:    Vehumet [*.....]
Gold:   321        SH:  0    Dex: 11    Spells: 7/20 levels left

rFire    + . .     SeeInvis +   d - +0 flail (venom)
rCold    . . .     Gourm    .   (no shield)
rNeg     . . .     Faith    .   y - +2 leather armour {rC+}
rPois    +         Spirit   .   (no helmet)
rElec    .         Reflect  .   (no cloak)
rCorr    .         Harm     .   (no gloves)
MR       +....                  (no barding)
Stlth    ++........             (no amulet)
HPRegen  0.21/turn              h - ring of fire
MPRegen  0.16/turn              u - +2 ring of evasion

@: very slow
A: large, see invisible, deformed body, poison resistance, slowness 2, slow
metabolism 1, spit poison 1, AC +3
a: Spit Poison, Renounce Religion


You were on level 1 of the Dungeon.
You worshipped Vehumet.
Vehumet was aware of your devotion.
You were hungry.

You visited 2 branches of the dungeon, and saw 9 of its levels.

You collected 321 gold pieces.

Inventory:

Hand Weapons
 d - a +0 flail of venom (weapon)
Armour
 a - a +0 robe
 b - a +0 buckler
 y - a +2 leather armour of cold resistance (worn)
Magical Staves
 A - an uncursed staff of poison {!a}
Jewellery
 h - a ring of fire (left hand)
 u - a +2 ring of evasion (right hand)
Wands
 p - a wand of flame (19)
 s - a wand of polymorph (10)
 x - a wand of paralysis (4)
Scrolls
 e - 6 scrolls of remove curse {unknown}
 f - a scroll of fear {unknown}
 g - a scroll of enchant weapon {unknown}
 i - 5 scrolls of identify {unknown}
 n - a scroll of vulnerability {unknown}
 q - a scroll of fog {unknown}
 r - 6 scrolls of teleportation {unknown}
 t - a scroll of immolation {unknown}
 v - a scroll of silence {unknown}
 C - a scroll of amnesia {unknown}
 D - a scroll of enchant armour {unknown}
Potions
 j - a potion of magic {unknown}
 k - a potion of degeneration {unknown}
 l - 2 potions of might {unknown}
 m - a potion of curing {unknown}
 o - 2 potions of agility {unknown}
 w - 2 potions of berserk rage {unknown}
 z - a potion of haste {unknown}
Comestibles
 c - 14 rations


   Skills:
 - Level 1.5 Dodging
 - Level 3.0 Stealth
 + Level 6.4 Spellcasting
 + Level 7.5 Conjurations
 + Level 7.3 Fire Magic


You had 7 spell levels left.
You knew the following spells:

 Your Spells              Type           Power        Failure   Level  Hunger
h - Flame Tongue          Conj/Fire      #####        1%          1    None
j - Sticky Flame          Conj/Fire      ######..     7%          4    ####...
k - Fireball              Conj/Fire      ######....   19%         5    #####..
l - Conjure Flame         Conj/Fire      ######..     1%          3    ##.....

Your spell library contained the following spells:

 Spells                   Type           Power        Failure   Level  Hunger
 Magic Dart               Conj           ####         1%          1    None
 Throw Flame              Conj/Fire      ######       1%          2    None
 Inner Flame              Hex/Fire       ####....     10%         3    ##.....
 Summon Butterflies       Summ           #.......     14%         1    None
 Summon Small Mammal      Summ           #...         14%         1    None
 Call Imp                 Summ           #.......     22%         2    None
 Shroud of Golubria       Chrm/Tloc      #.........   22%         2    None
 Force Lance              Conj/Tloc      ###.....     30%         4    ####...
 Call Canine Familiar     Summ           #.......     38%         3    ##.....
 Gell's Gravitas          Tloc           #.........   38%         3    ##.....
 Summon Guardian Golem    Hex/Summ       #.......     38%         3    ##.....
 Summon Ice Beast         Ice/Summ       #.......     80%         4    ####...
 Summon Lightning Spire   Summ/Air       #.......     80%         4    ####...
 Summon Demon             Summ           #.........   98%         5    #####..


Dungeon Overview and Level Annotations

Branches:
Dungeon (8/15)             Temple (1/1) D:7
   Lair: D:8-11

Altars:
Ashenzari
Elyvilon
Fedhas
Gozag
Hepliaklqana
Kikubaaqudgha
Makhleb
Nemelex Xobeh
Okawaru
Ru
Sif Muna
Trog
Uskayaw
Vehumet
Wu Jian
Xom
Zin
The Shining One

Annotations:
D:5 exclusion: upstairs


Innate Abilities, Weirdness & Mutations

You cannot wear boots.
Your serpentine skin is tough. (AC +3)
You have supernaturally acute eyesight. (SInv)
Armour fits poorly on your strangely shaped body.
Your system is resistant to poisons. (rPois)
You cover ground very slowly.
You have a slow metabolism.
You can spit poison.


Message History

A goblin is nearby!
The helpless goblin fails to defend itself.
You hit the goblin.
The goblin is poisoned.
The goblin is heavily wounded.
The goblin hits you but does no damage.
You barely miss the goblin.
The goblin is heavily wounded.
The goblin barely misses you. The goblin hits you but does no damage.
You completely miss the goblin.
The goblin is heavily wounded.
The goblin barely misses you.
You barely miss the goblin.
The goblin is severely wounded.
The goblin completely misses you. The goblin barely misses you.
You closely miss the goblin.
The goblin is severely wounded.
You kill the goblin!
Vehumet accepts your kill.
No target in view!
Are you sure you want to abandon this character and quit the game? (Confirm with "yes".)

#....(...##....##
................#
#........##.....#
.........##.....###
#......>.##.......#
#........##.......#
#.#########.......# #
#. #%# ###.....# #.#.
#@# #.....#
#.#.###.###### #.....#
#............# ###.###
#............########.#
#..................(..#
#............##########
#............#
.##...........#
#..............#


There were no monsters in sight!

Vanquished Creatures
  A hippogriff (D:7)
  Edmund (D:5)
  3 phantoms
  2 sky beasts (D:5)
  3 ogres
  3 centaurs
  A big kobold (D:7)
  A bullfrog (D:7)
  A scorpion (D:5)
  2 howler monkeys
  2 crimson imps (D:6)
  A quasit (D:5)
  4 hounds
  3 orc wizards
  Ijyb (D:3)
  4 worker ants
  A gnoll (D:3)
  13 adders
  3 oozes
  2 adder skeletons
  A worm (D:3)
  2 dart slugs
  3 leopard geckos
  11 orcs
  A ball python (D:3)
  2 bats (D:2)
  7 giant cockroaches
  8 goblins
  5 hobgoblins
  3 jackals (D:7)
  11 kobolds
  4 quokkas
  A ball python skeleton (D:4)
  3 frilled lizards (D:2)
  A leopard gecko zombie (D:5)
  A quokka zombie (D:5)
  8 rats
124 creatures vanquished.

Notes
Turn   | Place    | Note
-------+----------+-------------------------------------------
     0 | D:1      | Duffy the Naga Fire Elementalist began the quest for the
                  | Orb.
     0 | D:1      | Reached XP level 1. HP: 15/15 MP: 3/3
    46 | D:2      | Found a blossoming altar of Fedhas.
   144 | D:2      | Reached XP level 2. HP: 22/22 MP: 1/5
   244 | D:2      | Found a glowing golden altar of the Shining One.
   353 | D:4      | Reached XP level 3. HP: 28/28 MP: 4/6
   358 | D:4      | Learned a level 3 spell: Conjure Flame
   421 | D:4      | Reached XP level 4. HP: 31/36 MP: 3/7
   522 | D:4      | You fall through a shaft for 3 floors!
   522 | D:7      | Found an opulent altar of Gozag.
   540 | D:6      | Reached XP level 5. HP: 30/42 MP: 3/8
   561 | D:6      | Noticed a centaur
   626 | D:7      | Learned a level 4 spell: Sticky Flame
   692 | D:7      | Noticed a big kobold
  1065 | D:7      | Noticed a hippogriff
  1147 | D:7      | Killed a hippogriff
  1147 | D:7      | Reached XP level 6. HP: 34/49 MP: 0/11
  1371 | D:5      | Entered Level 5 of the Dungeon
  1373 | D:5      | Reached XP level 7. HP: 55/55 MP: 10/12
  1525 | D:5      | Found a deep blue altar of Sif Muna.
  1532 | D:5      | Noticed Edmund
  1541 | D:5      | Killed Edmund
  1541 | D:5      | Reached skill level 5 in Conjurations
  1554 | D:5      | Reached skill level 5 in Fire Magic
  1956 | D:5      | Learned a level 5 spell: Fireball
  2174 | D:5      | Found a glowing silver altar of Zin.
  2282 | D:5      | Reached XP level 8. HP: 46/62 MP: 3/15
  2540 | D:4      | Found a sacrificial altar of Ru.
  2832 | D:4      | Reached skill level 5 in Spellcasting
  4202 | D:6      | Found a hide-covered altar of Uskayaw.
  4805 | D:6      | Found a bloodstained altar of Trog.
  4973 | D:7      | Reached XP level 9. HP: 68/68 MP: 12/17
  5079 | D:7      | Found an ancient bone altar of Kikubaaqudgha.
  5218 | D:7      | Found a sparkling altar of Nemelex Xobeh.
  5257 | D:7      | Found a staircase to the Ecumenical Temple.
  5263 | Temple   | Entered the Ecumenical Temple
  5390 | Temple   | Became a worshipper of Vehumet
  5458 | D:7      | Identified the Handbook of Summoning and Translocation
  6066 | D:3      | Noticed Ijyb
  6081 | D:3      | Killed Ijyb
  6641 | D:3      | Reached * piety under Vehumet
  6641 | D:3      | Offered knowledge of Magic Dart by Vehumet.
  8472 | D:1      | Quit the game

Levels and vault maps discovered:
D:1:      tarquinn_simple_flora_water_e, layout_basic
D:2:      wad_river_or_something, layout_basic, lemuel_doored_altar,
          marbit_many_paths
D:3:      minmay_thinvault, layout_basic, chequers_serial_rivers_room_b,
          uniq_ijyb
D:4:      layout_gridville, nicolae_overflow_hidden_temple, first_ration
D:5:      layout_loops_corners, kennysheep_mini, led_sif_book, uniq_edmund
D:6:      layout_loops_cross, lightli_temple_of_fire, basic_altar,
          kennysheep_generic_room_15
D:7:      layout_loops_ring, lemuel_round_altar, grunt_gozag_statues,
          kiku_gazebo_garden_becter, minmay_temple_entry_enclosed_plants
D:8:      layout_loops_cross, overflow_temple_1_default,
          gammafunk_temple_overflow_claw
Temple:   nicolae_temple_figure_zero

Skill      XL: |  1  2  3  4  5  6  7  8  9 |
---------------+----------------------------+-----
Conjurations   | 2 3 4 5 7 |  7.5
Spellcasting   | 3 4 5 6 |  6.4
Fire Magic     | 4 5 6 7 |  7.3
Dodging        | |  1.5
Stealth        | |  3.0

Action                   |  1- 3 |  4- 6 |  7- 9 || total
-------------------------+-------+-------+-------++-------
Melee: Flail             |       |       |   265 ||   265
 Cast: Flame Tongue      |    19 |    13 |   103 ||   135
       Sticky Flame      |       |     2 |     9 ||    11
       Conjure Flame     |       |     1 |     3 ||     4
 Abil: Spit Poison       |     4 |     7 |     8 ||    19
Evoke: Wand              |       |       |     6 ||     6
 Stab: Sleeping          |       |       |    13 ||    13
  Eat: Chunk             |       |     2 |    20 ||    22
Armor: Robe              |     4 |     3 |    43 ||    50
       Leather armour    |       |       |    99 ||    99
Dodge: Dodged            |     9 |    15 |   216 ||   240

Table legend:
 A = Non-vault XP
 B = Vault XP
 C = Vault XP percentage of total XP
 D = Non-vault monster count
 E = Vault monster count
 F = Vault count percentage of total count
                 A         B        C        D         E       F
            +---------+---------+-------+---------+---------+-------
      Total |    2555 |     548 |  17.7 |      95 |      29 |  23.4
            +---------+---------+-------+---------+---------+-------
        D:1 |       5 |       0 |   0.0 |       3 |       0 |   0.0
        D:2 |      57 |      56 |  49.6 |      23 |      10 |  30.3
        D:3 |      70 |     113 |  61.7 |      16 |      15 |  48.4
        D:4 |     295 |       0 |   0.0 |      14 |       0 |   0.0
        D:5 |     744 |     252 |  25.3 |      14 |       3 |  17.6
        D:6 |     503 |     127 |  20.2 |      11 |       1 |   8.3
        D:7 |     881 |       0 |   0.0 |      14 |       0 |   0.0
            +---------+---------+-------+---------+---------+-------
